 Dungeon Crawl Stone Soup version 0.19.4-9-g45fd643 (webtiles) character file.

266 oplop the Chiller (level 6, -2/61 HPs)
             Began as an Octopode Ice Elementalist on Feb 20, 2017.
             Slain by a howler monkey (6 damage)
             ... on level 6 of the Dungeon.
             The game lasted 00:07:08 (3346 turns).

oplop the Chiller (Octopode Ice Elementalist)       Turns: 3346, Time: 00:07:09

Health: -2/61      AC:  7    Str: 10    XL:     6   Next: 20%
Magic:  7/10       EV: 13    Int: 19    God:
Gold:   189        SH:  0    Dex: 13    Spells: 4 memorised, 1 level left

rFire  . . .     SeeInvis .     (no weapon)
rCold  . . .     Gourm    .     (no shield)
rNeg   . . .     Faith    .     (helmet restricted)
rPois  +         Spirit   .     (no amulet)
rElec  .         Reflect  .     h - ring of poison resistance
rCorr  +         Harm     .     k - ring of resist corrosion
MR     +....     Rnd*Rage +     (no ring)
Stlth  ..........               (no ring)
                                (no ring)
                                (no ring)
                                (no ring)
                                (no ring)

@: berserking, icy armour, very quick
A: almost no armour, stealthy swim, amphibious, 8 rings, constrict 8, camouflage
1, berserk 1, blurry vision 2, magic resistance 1, weak 1, gelatinous body 1,
MP-powered wands
a: no special abilities


You were on level 6 of the Dungeon.
You were not hungry.

You visited 1 branch of the dungeon, and saw 6 of its levels.

You collected 189 gold pieces.

Inventory:

Jewellery
 h - a ring of poison resistance (left tentacle)
 k - a ring of resist corrosion (right tentacle)
Scrolls
 g - a scroll of remove curse
 i - a scroll of teleportation
 r - a scroll of identify
 s - 2 scrolls of blinking
Potions
 d - 2 potions of curing {unknown}
 e - a potion of cure mutation {unknown}
 f - a potion of beneficial mutation {unknown}
 j - a potion of brilliance {unknown}
 p - 3 potions of flight {unknown}
 t - a potion of agility {unknown}
Books
 a - a book of Frost

   Spells                             Type                      Level
   a - Freeze                         Ice                          1
   b - Throw Frost                    Conjuration/Ice              2
   c - Ozocubu's Armour               Charms/Ice                   3
   d - Throw Icicle                   Conjuration/Ice              4
   e - Summon Ice Beast               Ice/Summoning                4
 w - a book of Geomancy

   Spells                             Type                      Level
   a - Sandblast                      Earth                        1
   b - Passwall                       Transmutation/Earth          2
   c - Stone Arrow                    Conjuration/Earth            3
   d - Petrify                        Transmutation/Earth          4
   e - Lee's Rapid Deconstruction     Earth                        5
Comestibles
 b - 6 bread rations
 c - 5 chunks of flesh
 l - 2 meat rations
 m - 2 slices of pizza
 u - 2 beef jerkies


   Skills:
 + Level 2.6 Fighting
 - Level 2.0 Dodging
 - Level 2.6 Stealth
 + Level 3.0 Spellcasting
 * Level 1.3 Conjurations
 * Level 5.3 Ice Magic


You had one spell level left.
You knew the following spells:

 Your Spells              Type           Power        Failure   Level  Hunger
a - Freeze                Ice            ###.         1%          1    None
b - Throw Frost           Conj/Ice       ###...       8%          2    ##.....
c - Ozocubu's Armour      Chrm/Ice       ##......     17%         3    ###....
d - Throw Icicle          Conj/Ice       ###.....     38%         4    ####...


Dungeon Overview and Level Annotations

Branches:
Dungeon (6/15)
 Temple: D:4-7

Altars:
Gozag
Hepliaklqana

Annotations:
D:4 Eustachio
D:6 Menkaure


Innate Abilities, Weirdness & Mutations

You cannot wear most types of armour.
You are very stealthy in the water. (Stealth+)
You are amphibious.
You can wear up to eight rings at the same time.
You can use your tentacles to constrict eight enemies at once.
Your skin changes colour to match your surroundings (Stealth+).
Your rubbery body absorbs attacks. (AC +1, EV +1)
You tend to lose your temper in combat.
Scrolls take you longer to read.
You are resistant to hostile enchantments. (MR+)
You are weak. (Str -2)
You expend magic power (3 MP) to strengthen your wands.


Message History

Ouch! That really hurt!
* * * LOW HITPOINT WARNING * * *
You tentacle-slap Menkaure. Your grab misses Menkaure.
Menkaure is lightly damaged.
The howler monkey hoots and howls with incredible vigour!
Menkaure barely misses you.
You hear a shout!
You hear a croak.
A red film seems to cover your vision as you go berserk!
You feel yourself moving faster!
You feel mighty!
You closely miss Menkaure. You grab Menkaure.
Menkaure is lightly damaged.
You constrict Menkaure, but do no damage.
The howler monkey hits you.
* * * LOW HITPOINT WARNING * * *
Menkaure closely misses you.
You bludgeon Menkaure!
Menkaure is heavily damaged.
You constrict Menkaure, but do no damage.
The howler monkey hits you.
You die...

#.#.# #.#
####..#
##.#.# #.#
#....#
#....#####.#
#.##.#
#..........#
#.##..
#.###..#####
..#... #.
#.(.#
####.#. #h
#.#.# #.##
#.##.#h## ..
#...r5M@#
##.
##.#.##.#
#.## #.#.
... #... # #
##.## >...
#.# #### ..#
###


You could see Menkaure, a howler monkey, a quasit and a quokka.

Vanquished Creatures
  A scorpion (D:4)
  A crimson imp (D:5)
  A hound (D:4)
  A worker ant (D:5)
  3 adders
  2 shadow imps
  An adder zombie (D:5)
  An ooze (D:2)
  3 worms
  A leopard gecko (D:2)
  7 orcs
  6 bats
  2 giant cockroaches
  5 goblins
  5 hobgoblins
  5 jackals
  9 kobolds
  4 quokkas
  3 frilled lizards
  A giant cockroach zombie (D:5)
  6 rats
68 creatures vanquished.

Notes
Turn   | Place    | Note
-------+----------+-------------------------------------------
     0 | D:1      | oplop the Octopode Ice Elementalist began the quest for the Orb.
     0 | D:1      | Reached XP level 1. HP: 11/11 MP: 3/3
     1 | D:1      | oplop: !!help
     1 | D:1      | oplop: !help
     1 | D:1      | beem: ]!help: !help [CMD] displays help on a command. For a list of commands, use `!cmdinfo` for built-ins, and `!cmd -ls` for user-defined commands.
     1 | D:1      | oplop: !cmdinfo
     1 | D:1      | beem: ]!apt !cdefine !cmd !cmdinfo !fn !ftw !function !gamesby !help !kw !learn !lg !lm !messages !nick !rng !seen !source !streak !tell !time !vault !won !wtf .echo
     1 | D:1      | oplop: !seen
     1 | D:1      | beem: Sorry oplop, that person is dead.
     1 | D:1      | oplop: !seen oplop
     1 | D:1      | beem: Sorry oplop, that person is dead.
     1 | D:1      | oplop: !cmdinfo seen
     1 | D:1      | beem: ]!apt !cdefine !cmd !cmdinfo !fn !ftw !function !gamesby !help !kw !learn !lg !lm !messages !nick !rng !seen !source !streak !tell !time !vault !won !wtf .echo
     1 | D:1      | oplop: !help sen
     1 | D:1      | beem: Unknown command: !sen
     1 | D:1      | oplop: !help seen
     1 | D:1      | beem: ]!seen: Sorry oplop, that person is dead.
   272 | D:1      | Reached XP level 2. HP: 12/18 MP: 1/5
   419 | D:1      | Reached skill level 1 in Fighting
   879 | D:2      | Reached XP level 3. HP: 13/23 MP: 2/6
  1167 | D:2      | Found an opulent altar of Gozag.
  1411 | D:2      | Reached skill level 4 in Ice Magic
  1805 | D:3      | Reached XP level 4. HP: 14/28 MP: 4/7
  2539 | D:4      | Reached XP level 5. HP: 22/34 MP: 4/8
  2600 | D:4      | Noticed Eustachio
  2636 | D:4      | Noticed a phantom
  2643 | D:4      | Learned a level 2 spell: Throw Frost
  2647 | D:4      | Learned a level 3 spell: Ozocubu's Armour
  2715 | D:4      | Noticed an ogre
  2731 | D:5      | Entered Level 5 of the Dungeon
  2741 | D:5      | Reached skill level 5 in Ice Magic
  2904 | D:5      | Reached XP level 6. HP: 15/41 MP: 3/10
  2962 | D:5      | Gained mutation: You are resistant to hostile enchantments. (MR+) [potion of mutation]
  2962 | D:5      | Gained mutation: Scrolls take you a little longer to read. [potion of mutation]
  2962 | D:5      | Gained mutation: You tend to lose your temper in combat. [potion of mutation]
  3101 | D:5      | Found a hazy altar of Hepliaklqana.
  3101 | D:5      | Noticed a hungry ghost
  3261 | D:6      | Learned a level 4 spell: Throw Icicle
  3310 | D:6      | Gained mutation: Scrolls take you longer to read. [potion of mutation]
  3310 | D:6      | Gained mutation: You expend magic power (3 MP) to strengthen your wands. [potion of mutation]
  3310 | D:6      | Gained mutation: You are weak. (Str -2) [potion of mutation]
  3338 | D:6      | Noticed Menkaure
  3346 | D:6      | Slain by a howler monkey

Skill      XL: |  1  2  3  4  5 |
---------------+----------------+-----
Fighting       | 1 2 |  2.6
Ice Magic      | 4 5 |  5.3
Spellcasting   | 3 |  3.0
Dodging        | |  2.0
Stealth        | |  2.6
Conjurations   | |  1.3

Action                   |  1- 3 |  4- 6 || total
-------------------------+-------+-------++-------
Melee: Unarmed           |     9 |    15 ||    24
       Constrict         |    25 |    17 ||    42
       Dagger            |    68 |    46 ||   114
       Tentacles         |    13 |     8 ||    21
 Cast: Freeze            |    17 |    38 ||    55
       Ozocubu's Armour  |       |     1 ||     1
  Use: Scroll            |     3 |     5 ||     8
       Potion            |       |     2 ||     2
 Stab: Sleeping          |     7 |     5 ||    12
  Eat: Chunk             |     2 |     6 ||     8
Armor: Skin              |     8 |     6 ||    14
Dodge: Dodged            |    49 |    61 ||   110
